 Dungeon Crawl Stone Soup version 0.30-a0-879-ga8ba668304 (webtiles) character file.

Game seed: 6939122882604089512

76 Parcival the Conjurer (level 4, -2/30 HPs)
             Began as a Human Conjurer on Mar 13, 2023.
             Slain by a gnoll
             ... wielding a +0 spear
              (8 damage)
             ... on level 3 of the Dungeon.
             The game lasted 00:06:39 (2505 turns).

Parcival the Conjurer (Human Conjurer)              Turns: 2505, Time: 00:06:40

Health: -2/30      AC:  2    Str:  7    XL:     4   Next: 57%
Magic:  1/7        EV: 12    Int: 20    God:
Gold:   162        SH:  5    Dex: 12    Spells: 4/7 levels left

rFire   . . .      SeeInvis .    c - +0 dagger
rCold   . . .      Faith    .    (no shield)
rNeg    . . .      Spirit   .    a - +0 robe
rPois   .          Reflect  +    (no helmet)
rElec   .          Rampage  .    (no cloak)
rCorr   .                        (no gloves)
Will    .....                    (no boots)
Stlth   ++                       d - amulet of reflection
HPRegen 0.25/turn                (no ring)
MPRegen 0.10/turn                (no ring)

@: no status effects
A: no striking features
a: no special abilities


You were on level 3 of the Dungeon.
You visited 1 branch of the dungeon, and saw 3 of its levels.

You collected 162 gold pieces.

Inventory:

Hand Weapons
 c - a +0 dagger (weapon)
Armour
 a - a +0 robe (worn)
Jewellery
 d - an amulet of reflection (around neck)
Wands
 f - a wand of quicksilver (5)
 i - a wand of flame (13)


   Skills:
 + Level 2.3 Dodging
 + Level 2.4 Stealth
 + Level 2.4 Spellcasting
 + Level 5.1 Conjurations


You had 4 spell levels left.
You knew the following spells:

 Your Spells              Type           Power      Damage    Failure   Level
a - Magic Dart            Conj           92%        1d7       1%          1
b - Searing Ray           Conj           46%        2d6       2%          2

Your spell library contained the following spells:

 Spells                   Type           Power      Damage    Failure   Level
 Dazzling Flash           Conj/Hex       24%        N/A       16%         3
 Scorch                   Fire           4%         2d5       22%         2
 Flame Wave               Conj/Fire      12%        2d6       45%         4
 Fulminant Prism          Conj/Hex       6%         3d7       45%         4
 Iskenderun's Mystic Bla  Conj/Tloc      12%        2d5       45%         4
 Summon Cactus Giant      Summ           1%         N/A       100%        6


Dungeon Overview and Level Annotations

Branches:
Dungeon (3/15)

Altars:


Message History

You feel aware of your surroundings.
It was a scroll of magic mapping.
The orc hits you but does no damage.
You aren't carrying any potions.
Casting: Searing Ray (safe; 2% risk of failure)
Confirm with . or Enter, or press ? or * to list all spells.
You don't have enough magic to cast this spell.
You block the gnoll's attack. The orc barely misses you.
Casting: Searing Ray (safe; 2% risk of failure)
Confirm with . or Enter, or press ? or * to list all spells.
You don't have enough magic to cast this spell.
You barely miss the orc. The gnoll barely misses you.
The gnoll hits you from afar with a +0 spear.
You block the orc's attack.
You barely miss the orc.
The gnoll hits you from afar with a +0 spear.
You block the orc's attack. The gnoll barely misses you.
The orc attacks as you move away! The orc misses you.
The gnoll hits you from afar with a +0 spear!
A gnoll comes into view. It is wielding a +0 halberd.
You block the gnoll's attack. The orc misses you.
The gnoll hits you from afar with a +0 spear!
* * * LOW HITPOINT WARNING * * *
The orc barely misses you.
Casting: Searing Ray (safe; 2% risk of failure)
Confirm with . or Enter, or press ? or * to list all spells.
Aiming: Searing Ray (safe; 2% risk of failure)
Press: ? - help, Shift-Dir - straight line, f - orc
Aim: an orc, wielding a +0 club (78% to hit)
The searing ray hits the orc.
The orc is heavily wounded. (Press . to maintain the ray.)
The orc closely misses you.
The searing ray hits the orc!
You kill the orc!
You block the gnoll's attack.
The gnoll hits you from afar with a +0 spear.
* * * LOW HITPOINT WARNING * * *
The gnoll closely misses you.
The gnoll hits you from afar with a +0 spear!
You die...

,,,,,*,,,,**,*********,**
*,,,,*,**,**,,,,,,,,,,,*
*,,*,,,.*.********,*****
,,,,,,,.#.,,,,,,**,*
**,,,,,..#*****,,,,*
**####*#.# **#######
,,,...##.# #.gg..#
*####....########.###.#
*#...!..........@.#...#
,,,##.....†########)###
,..#....g...g..g...g#
,..........[....#####
,###...........)#
,,#.#########)..#
,..,***,,,**###.#
,.,,**,,,,,*###.#
,,*,**#######...####


You could see 2 gnolls.

Vanquished Creatures
  3 adders (D:2)
  A dart slug (D:2)
  An orc (D:3)
  2 endoplasms
  5 goblins
  7 hobgoblins
  10 jackals (D:2)
  A quokka (D:2)
  3 ball pythons (D:1)
  5 bats
  3 rats
41 creatures vanquished.

Notes
Turn   | Place    | Note
-------+----------+-------------------------------------------
     0 | D:1      | Parcival the Human Conjurer began the quest for the Orb.
     0 | D:1      | Reached XP level 1. HP: 13/13 MP: 3/3
   455 | D:1      | Reached XP level 2. HP: 19/19 MP: 1/5
   958 | D:1      | Learned a level 2 spell: Searing Ray
  1185 | D:2      | Reached XP level 3. HP: 24/24 MP: 3/6
  1416 | D:2      | Reached skill level 5 in Conjurations
  1416 | D:2      | Reached XP level 4. HP: 25/30 MP: 2/7
  2505 | D:3      | Slain by a gnoll

Illustrated notes

Levels and vault maps discovered:
D:1:      shiori_arrival_elements, layout_basic
D:2:      layout_loops_ring, small_statue_intersection, minivault_5
D:3:      layout_basic, serial_aquarium, aquarium_bridge_square
          [aquarium_subvault_bridge, aquarium_subvault_bridge,
          aquarium_subvault_wall, aquarium_subvault_wall],
          aquarium_bridge_square [aquarium_subvault_window,
          aquarium_subvault_window, aquarium_subvault_bridge,
          aquarium_subvault_balcony], aquarium_window_1, aquarium_window_1,
          aquarium_window_fake, aquarium_window_1, aquarium_view_2f,
          aquarium_view_2d, st_stairs_5

Skill      XL: |  1  2  3 |
---------------+----------+-----
Conjurations   | 5 |  5.1
Dodging        | |  2.3
Stealth        | |  2.4
Spellcasting   | |  2.4

Action                     |  1- 3 |  4- 6 || total
---------------------------+-------+-------++-------
  Melee: Dagger            |     7 |    11 ||    18
   Cast: Magic Dart        |    21 |       ||    21
         Searing Ray       |    12 |    11 ||    23
    Use: Scroll            |     2 |     3 ||     5
         Potion            |     1 |     2 ||     3
 Armour: Robe              |     5 |     3 ||     8
  Dodge: Dodged            |    23 |    15 ||    38
  Block: Other             |       |     6 ||     6

Table legend: (Time is in decaauts)
 A = Elapsed time spent in this place.
 B = Non-inter-level travel time spent in this place.
 C = Inter-level travel time spent in this place.
 D = Time resting spent in this place.
 E = Time spent auto-exploring this place.
 F = Levels seen in this place.
 G = Mean time per level.
                   A        B        C        D        E       F      G
               +--------+--------+--------+--------+--------+-----+--------+
         Total |   2503 |   2336 |    167 |     39 |   2019 |   3 |  834.3 |
       Dungeon |   2503 |   2336 |    167 |     39 |   2019 |   3 |  834.3 |
               +--------+--------+--------+--------+--------+-----+--------+

Top non-repeatable levels by time:
     D:2: 1409 daAuts
     D:1: 958 daAuts
     D:3: 135 daAuts
